 Dungeon Crawl Stone Soup version 0.28-a0-1524-ge72afd5fc6 (webtiles) character file.

Game seed: 3668903175986849953

36 Pin the Skirmisher (level 3, 0/29 HPs)
             Began as a Formicid Abyssal Knight on Jan 17, 2022.
             Was a Follower of Lugonu.
             Slain by a worm (7 damage)
             ... on level 2 of the Dungeon.
             The game lasted 00:02:56 (2044 turns).

Pin the Skirmisher (Formicid Abyssal Knight)        Turns: 2044, Time: 00:02:56

Health: 0/29       AC:  5    Str: 19    XL:     3   Next: 57%
Magic:  5/5        EV: 11    Int:  9    God:    Lugonu [*.....]
Gold:   107        SH:  0    Dex: 11    Spells: 2/2 levels left

rFire   . . .      SeeInvis +   a - +1 hand axe
rCold   . . .      Faith    +   (no shield)
rNeg    . . .      Spirit   .   g - +0 ring mail
rPois   .          Reflect  .   (helmet unavailable)
rElec   .          Harm     .   (no cloak)
rCorr   .          Rampage  .   (no gloves)
Will    .....                   (no boots)
Stlth   +.........              f - amulet of faith
HPRegen 0.09/turn               b - ring of flight
MPRegen 0.09/turn               (no ring)

@: flying
A: permanent stasis, dig shafts and tunnels, antennae 3, four strong arms
a: Dig, Shaft Self, Renounce Religion, Depart the Abyss


You were on level 2 of the Dungeon.
You worshipped Lugonu.
Lugonu was aware of your devotion.
You visited 1 branch of the dungeon, and saw 2 of its levels.
You visited the Abyss 1 time.

You collected 107 gold pieces.

Inventory:

Hand Weapons
 a - a +1 hand axe (weapon)
Armour
 g - a +0 ring mail (worn)
Jewellery
 b - a ring of flight (left hand)
 f - an amulet of faith (around neck)
Scrolls
 c - a scroll of fear {unknown}
 e - a scroll of identify {unknown}
 i - a scroll of enchant weapon {unknown}
 j - a scroll of silence {unknown}
 l - a scroll of amnesia {unknown}
Potions
 d - a potion of degeneration {unknown}
 h - a potion of attraction {unknown}
 k - a potion of curing {unknown}


   Skills:
 + Level 3.6 Fighting
 + Level 2.3 Axes
 + Level 2.6 Armour
 + Level 1.4 Dodging
 + Level 2.8 Invocations


You had 2 spell levels left.
You didn't know any spells.
Your spell library was empty.

Dungeon Overview and Level Annotations

Branches:
Dungeon (2/15)

Altars:
Lugonu

Portals:
Abyss: D:1


Innate Abilities, Weirdness & Mutations

You cannot be hasted, slowed, berserked, paralysed or teleported.
You can dig through walls and to a lower floor.
You have a pair of large antennae on your head. (SInv)
Your four strong arms can wield two-handed weapons with a shield.


Message History

The dart slug is severely wounded.
The dart slug closely misses you.
You hit the dart slug.
You kill the dart slug!
Lugonu accepts your kill.
No target in view!
A worm comes into view.
Found 11 gold pieces.
The worm bites you but does no damage.
You hit the worm but do no damage. You hit the worm.
The worm is lightly wounded.
The worm closely misses you.
You barely miss the worm. The worm bites you!
You barely miss the worm. You hit the worm.
The worm is moderately wounded.
The worm misses you. The worm closely misses you.
You barely miss the worm.
The worm is lightly wounded.
You completely miss the worm.
The worm is lightly wounded.
The worm closely misses you.
You hit the worm.
The worm is moderately wounded.
The worm bites you!
You hit the worm but do no damage.
The worm is moderately wounded.
You barely miss the worm.
The worm is moderately wounded.
The worm bites you.
* * * LOW HITPOINT WARNING * * *
You hit the worm.
The worm is moderately wounded.
The worm barely misses you.
You hit the worm.
The worm is heavily wounded.
The worm bites you!
You die...

#.# #.. ..... #.# #.#
...... #.# #.# #.# ....$.
..# #.# #.# ...? #.##
#.####.# ...#####..#
#....#.# #........##
#.##.#.# #.........#
#.##.#.#
#.w@......###.##.#.#
#..........##.##.#.#
#.####........#.##.##.#.#
#.....................#.#
######...$....##.#.####.#
#.......................#
#.#...........###..######
#........#### #..#
#........# ##>#


You could see a worm.

Vanquished Creatures
  2 worms
  A dart slug (D:2)
  A goblin (D:2)
  6 hobgoblins (D:1)
  5 kobolds
  2 ball pythons
  5 bats (D:1)
  2 frilled lizards (D:1)
  6 rats
30 creatures vanquished.

Notes
Turn   | Place    | Note
-------+----------+-------------------------------------------
     0 | Abyss:1  | Pin the Formicid Abyssal Knight began the quest for the
                  | Orb.
     0 | Abyss:1  | Reached XP level 1. HP: 18/18 MP: 2/2
    41 | Abyss:1  | Noticed a starcursed mass
    42 | D:1      | Escaped the Abyss
   169 | D:1      | Noticed an iron imp
   169 | D:1      | Noticed an iron imp
   171 | D:1      | Reached skill level 1 in Dodging
   176 | D:1      | Noticed a demonic crawler
   177 | D:1      | Noticed a demonic crawler
   180 | D:1      | Found a corrupted altar of Lugonu.
   180 | D:1      | Noticed a demonic crawler
   180 | D:1      | Noticed an iron imp
   180 | D:1      | Noticed a quasit
   181 | D:1      | Found a one-way gate to the infinite horrors of the Abyss.
   181 | D:1      | Noticed an iron imp
   181 | D:1      | Noticed a quasit
   181 | D:1      | Noticed a quasit
   558 | D:1      | Reached XP level 2. HP: 24/24 MP: 3/3
   711 | D:1      | Found a faded altar of an unknown god.
   735 | D:1      | Reached * piety under Lugonu
   958 | D:1      | Reached XP level 3. HP: 19/29 MP: 4/4
  2044 | D:2      | Slain by a worm

Illustrated notes

Levels and vault maps discovered:
D:1:      erik_arrival_cave_to_civilisation [erik_arrival_cave_to_temple],
          layout_loops_corners, hellmonk_ecumenical_altar_blasted,
          nicolae_wormholes
D:2:      layout_basic, basic_altar

Skill      XL: |  1 |
---------------+----+-----
Dodging        | 1 |  1.4
Fighting       | |  3.6
Axes           | |  2.3
Armour         | |  2.6
Invocations    | |  2.8

Action                   || total
-------------------------++-------
Melee: Hand axe          ||   104
       Punch             ||     1
Invok: Depart the Abyss  ||     1
Armor: Leather armour    ||    12
       Ring mail         ||    10
Dodge: Dodged            ||    58

Table legend: (Time is in decaauts)
 A = Elapsed time spent in this place.
 B = Non-inter-level travel time spent in this place.
 C = Inter-level travel time spent in this place.
 D = Time resting spent in this place.
 E = Time spent auto-exploring this place.
 F = Levels seen in this place.
 G = Mean time per level.
                   A        B        C        D        E       F      G
               +--------+--------+--------+--------+--------+-----+--------+
         Total |   2062 |   2016 |     46 |    233 |   1385 |   3 |  687.3 |
       Dungeon |   2020 |   1974 |     46 |    233 |   1345 |   2 | 1010.0 |
         Abyss |     42 |     42 |      0 |      0 |     40 |   1 |   42.0 |
               +--------+--------+--------+--------+--------+-----+--------+

Top non-repeatable levels by time:
     D:1: 1587 daAuts
     D:2: 432 daAuts
 Abyss:1: 42 daAuts
